 Dungeon Crawl Stone Soup version 0.20-a0-1116-gaa52201 (webtiles) character file.

2333 poirepourri the Cleaver (level 9, -2/78 HPs)
             Began as a Minotaur Fighter on Feb 27, 2017.
             Was an Initiate of Makhleb.
             Splashed by an oklob plant's acid (8 damage)
             ... on level 6 of the Dungeon on May 7, 2017.
             The game lasted 00:09:52 (6528 turns).

poirepourri the Cleaver (Minotaur Fighter)          Turns: 6528, Time: 00:09:54

Health: -2/78      AC:  3    Str: 22    XL:     9   Next: 19%
Magic:  8/8        EV:  6    Int:  5    God:    Makhleb [......]
Gold:   289        SH: 11    Dex: 12    Spells: 8/8 levels left

rFire    + . .     SeeInvis .   a - +3 war axe
rCold    . . .     Gourm    .   c - +0 shield
rNeg     . . .     Faith    .   u - +0 plate armour
rPois    .         Spirit   .   (helmet restricted)
rElec    .         Reflect  .   (no cloak)
rCorr    .         Harm     .   (no gloves)
MR       .....                  (no boots)
Stlth    ..........             g - amulet of rage
Regen    0.3/turn               f - ring of protection from fire
MPRegen  0.2/turn               (no ring)

@: corroded
A: retaliatory headbutt, horns 2
a: Renounce Religion, Evoke Berserk Rage


You were on level 6 of the Dungeon.
You worshipped Makhleb.
Makhleb was noncommittal.
You were hungry.

You visited 2 branches of the dungeon, and saw 7 of its levels.
You also visited: Ossuary.

You collected 289 gold pieces.

Inventory:

Hand Weapons
 a - a +3 war axe (weapon)
Armour
 b - a +0 scale mail
 c - a +0 shield (worn)
 n - a +1 buckler of protection
 u - a +0 plate armour (worn)
Jewellery
 f - a ring of protection from fire (left hand)
 g - an amulet of rage (around neck)
Wands
 p - a wand of acid (9/15)
 r - a wand of confusion (16/48)
Scrolls
 d - 7 scrolls of remove curse
 j - 2 scrolls of fog
 m - 2 scrolls of recharging
 q - a scroll of amnesia
 s - 2 scrolls of teleportation
 t - a scroll of magic mapping
Potions
 e - 4 potions of curing
 h - a potion of brilliance
 i - a potion of agility {unknown}
 k - 2 potions of lignification
 l - a potion of resistance {unknown}
 o - a potion of heal wounds
 v - 2 potions of flight
 x - 2 potions of haste
Books
 w - the Volume of the Fetching Compass
   (You found it on level 5 of the Dungeon)

   Spells                             Type                      Level
   a - Corona                         Hexes                        1
   b - Apportation                    Translocation                1
   c - Dispersal                      Translocation                6
   d - Disjunction                    Translocation                8


   Skills:
 + Level 6.8 Fighting
 + Level 10.5 Axes
 - Level 3.6 Armour
 + Level 2.9 Dodging
 + Level 8.9 Shields


You had 8 spell levels left.
You didn't know any spells.

Dungeon Overview and Level Annotations

Branches:
Dungeon (6/15)             Temple (1/1) D:6

Altars:
Ashenzari
Dithmenos
Elyvilon
Fedhas
Gozag
Hepliaklqana
Kikubaaqudgha
Makhleb
Nemelex Xobeh
Okawaru
Qazlal
Sif Muna
Uskayaw
Vehumet
Wu Jian
Xom
Yredelemnul
Zin
The Shining One

Shops:
D:4 *

Annotations:
D:6 exclusion: oklob plant


Innate Abilities, Weirdness & Mutations

You reflexively headbutt those who attack you in melee.
You have a pair of horns on your head.


Message History

An ooze comes into view.
The ooze quivers.
There is an open door here.
You hit the ooze. You headbutt the ooze.
You kill the ooze!
Makhleb accepts your kill. The oklob plant spits acid at you.
The splash of acid hits you! The acid corrodes you!
You are splashed with acid!
The acid burns!
* * * LOW HITPOINT WARNING * * *
You slash the oklob plant!
The oklob plant is moderately damaged.
You hit the oklob plant but do no damage.
You headbutt the oklob plant!
The oklob plant is moderately damaged.
The oklob plant spits acid at you. The splash of acid hits you!
* * * LOW HITPOINT WARNING * * *
The acid corrodes you!
You are splashed with acid!
The acid burns!
You die...

#.# #.#
#.# #.#
#.#
##'##
#...#
##...##
#..@..#
#..P..#
#.....#
##...##
#...#
#####


You could see an oklob plant.

Vanquished Creatures
  The ghost of Voxish the Gusty, an amateur TeAE (D:4)
  Eustachio (D:6)
  A sky beast (D:5)
  An orc warrior (D:3)
  A phantom (D:4)
  4 ogres
  A centaur (D:6)
  2 wyvern zombies (Ossuary)
  A gnoll sergeant (D:5)
  A centaur zombie (Ossuary)
  2 crimson imps (D:5)
  3 hounds
  4 jellies (D:6)
  An orc priest (D:4)
  2 bullfrog skeletons (D:5)
  An iguana (D:4)
  4 orc wizards (D:4)
  A worker ant (D:5)
  2 hound zombies (Ossuary)
  14 mummies (Ossuary)
  A worker ant zombie (Ossuary)
  5 gnolls (D:5)
  A howler monkey zombie (Ossuary)
  13 adders
  A shadow imp (D:5)
  19 oozes
  2 adder zombies (Ossuary)
  4 worms
  2 dart slugs
  2 leopard geckos
  14 orcs
  3 giant cockroaches
  9 goblins
  9 hobgoblins
  4 jackals (D:3)
  4 quokkas
  A ball python (D:4)
  10 bats
  5 frilled lizards
  A giant cockroach zombie (Ossuary)
  A jackal skeleton (D:4)
  A jackal zombie (Ossuary)
  10 kobolds
  2 leopard gecko zombies (Ossuary)
  A quokka skeleton (D:5)
  A quokka zombie (Ossuary)
  5 rats
  A withered plant (Ossuary)
180 creatures vanquished.

Vanquished Creatures (others)
  A leopard gecko (D:4)
  6 fungi (D:6)
  A withered plant (Ossuary)
8 creatures vanquished.

Grand Total: 188 creatures vanquished

Notes
Turn   | Place    | Note
-------+----------+-------------------------------------------
     0 | D:1      | poirepourri the Minotaur Fighter began the quest for the Orb.
     0 | D:1      | Reached XP level 1. HP: 19/19 MP: 0/0
    24 | D:1      | Upgraded the game from 0.20-a0-785-g17250f0 to 0.20-a0-1006-ge6c5631
   178 | D:1      | Reached XP level 2. HP: 22/27 MP: 1/1
   724 | D:2      | Reached skill level 3 in Axes
   724 | D:2      | Reached XP level 3. HP: 29/33 MP: 2/2
   824 | D:2      | Upgraded the game from 0.20-a0-1006-ge6c5631 to 0.20-a0-1116-gaa52201
  1193 | D:2      | Reached skill level 1 in Dodging
  1352 | D:2      | Reached XP level 4. HP: 36/41 MP: 3/3
  1600 | D:2      | Reached skill level 4 in Axes
  2092 | D:3      | Reached XP level 5. HP: 34/47 MP: 4/4
  2411 | D:3      | Noticed an orc warrior
  2419 | D:3      | Killed an orc warrior
  2419 | D:3      | Reached skill level 5 in Axes
  2419 | D:3      | Reached skill level 5 in Shields
  2419 | D:3      | Reached XP level 6. HP: 45/53 MP: 5/5
  3003 | D:4      | Found Zauwitoa's Assorted Antiques.
  3078 | D:4      | Noticed Voxish's ghost (amateur TeAE)
  3100 | D:4      | Killed Voxish's ghost
  3105 | D:4      | Reached skill level 5 in Fighting
  3105 | D:4      | Reached skill level 6 in Axes
  3348 | D:4      | Reached XP level 7. HP: 56/61 MP: 6/6
  3521 | D:4      | Reached skill level 7 in Axes
  4031 | D:5      | Entered Level 5 of the Dungeon
  4041 | D:5      | Found a sand-covered staircase.
  4054 | Ossuary  | Entered an ossuary
  4241 | Ossuary  | Reached skill level 8 in Axes
  4241 | Ossuary  | Reached XP level 8. HP: 30/70 MP: 7/7
  5051 | D:5      | Reached skill level 9 in Axes
  5057 | D:5      | Identified a scroll of acquirement
  5349 | D:5      | Identified the Volume of the Fetching Compass
  6221 | D:6      | Reached skill level 10 in Axes
  6229 | D:6      | Noticed Eustachio
  6239 | D:6      | Reached XP level 9. HP: 77/78 MP: 8/8
  6259 | D:6      | Killed Eustachio
  6287 | D:6      | Found a staircase to the Ecumenical Temple.
  6324 | D:6      | Noticed an oklob plant
  6367 | Temple   | Entered the Ecumenical Temple
  6407 | Temple   | Became a worshipper of Makhleb the Destroyer
  6528 | D:6      | Splashed by an oklob plant's acid

Vault maps used:
D:1:      ncdulo_wetmaze
D:2:      first_bread, minmay_box_of_dots
D:3:      grunt_ministairs_10, uniq_crazy_yiuf_cottage
D:4:      serial_shops, shop
D:5:      enter_ossuary_1, minivault_14, grunt_ministairs_6, lightli_minifort
D:6:      lemuel_slime, minmay_temple_entry_hall, lemuel_tele_altar,
          uniq_edmund, uniq_eustachio
Temple:   compressed_dpeg_triangle_lava_temple
Ossuary:  ossuary_zaba_flooded

Skill      XL: |  1  2  3  4  5  6  7  8 |
---------------+-------------------------+-----
Fighting       | 4 5 6 |  6.8
Shields        | 4 5 6 8 |  8.9
Axes           | 3 4 5 6 8 10 | 10.5
Dodging        | 1 2 |  2.9
Armour         | |  3.6

Action                   |  1- 3 |  4- 6 |  7- 9 || total
-------------------------+-------+-------+-------++-------
Melee: War axe           |    82 |   148 |   271 ||   501
       Headbutt          |     9 |    18 |    54 ||    81
  Use: Scroll            |     6 |     7 |     7 ||    20
       Potion            |       |     2 |     2 ||     4
  Eat: Bread ration      |     1 |       |     1 ||     2
       Meat ration       |       |     1 |       ||     1
       Royal jelly       |       |       |     2 ||     2
Armor: Scale mail        |    49 |    54 |       ||   103
       Plate armour      |       |     5 |   116 ||   121
Dodge: Dodged            |    26 |    49 |    56 ||   131
Block: Shield            |    67 |   102 |   166 ||   335
